Cogmind - Beta 13 @@@ ROGUE MODE // 2024.04.20 @ 20:34:49 Player: JTMusky Result: Destroyed by Y-45 Defender with Beam Rifle Performance ------------- Evolutions (1) 500 Regions Visited (3) 600 Robots Destroyed (6) 30 Value Destroyed (34) 34 Prototype IDs (3) 60 Alien Tech Used (0) 0 Bonus (0) 0 TOTAL SCORE: 1224 Bonus ------- None Cogmind --------- Core Integrity 0/400 Matter 209/300 Energy 100/100 System Corruption 0% Temperature Cool (9) Movement Core (50) Location -9/Materials Parts ------- > --- POWER (1) -------- (None) > --- PROPULSION (2) --- (None) > --- UTILITY (4) ------ Structural Scanner Signal Interpreter > --- WEAPON (2) ------- (None) > --- INVENTORY (5) ---- Medium Armor Plating Mini Grenade Launcher Mace Peak State ------------ > --- POWER ------------ Light Ion Engine > --- PROPULSION ------- Light Treads Light Treads > --- UTILITY ---------- Small Storage Unit Improved Terrain Scanner > --- WEAPON ----------- Light Assault Rifle Light Assault Rifle > --- INVENTORY -------- Light Ion Engine Aluminum Leg Aluminum Leg Wheel Compact Wheel Compact Wheel Medium Laser [Rating: 9] Favorites ----------- Power Light Ion Engine Engine Light Ion Engine Propulsion Light Treads Treads Light Treads Hover Unit Improved Hover Unit Flight Unit Flight Unit Utility Small Storage Unit Device Improved Terrain Scanner Storage Small Storage Unit Processor Signal Interpreter Weapon Light Assault Rifle Ballistic Gun Light Assault Rifle Ballistic Cannon Light Cannon Launcher Grenade Launcher Special Weapon Mining Laser Build | -11 -10 -10 -9 ------- Run | Yrd Mat Min Mat Slots Evolved 2 | . . . 2 Power . | . . . . Propulsion . | . . . . Utility 2 | . . . 2 Weapon . | . . . . Parts Attached 27 | 10 8 2 7 Power 2 | 1 . 1 . Engine 2 | 1 . 1 . Core . | . . . . Reactor . | . . . . Propulsion 7 | 2 2 . 3 Treads 2 | 2 . . . Leg . | . . . . Wheel . | . . . . Hover 2 | . . . 2 Flight 3 | . 2 . 1 Utility 11 | 5 3 1 2 Device 9 | 4 2 1 2 Storage 1 | 1 . . . Processor 1 | . 1 . . Hackware . | . . . . Protection . | . . . . Artifact . | . . . . Weapon 7 | 2 3 . 2 Energy Gun . | . . . . Energy Cannon . | . . . . Ballistic Gun 3 | 2 1 . . Ballistic Cannon 1 | . 1 . . Launcher 1 | . . . 1 Special Weapon 2 | . 1 . 1 Impact Weapon . | . . . . Slashing Weapon . | . . . . Piercing Weapon . | . . . . Special Melee Weapon . | . . . . Unidentified Prototypes . | . . . . Parts Lost 13 | . . 3 10 Power 2 | . . 1 1 Propulsion 5 | . . . 5 Utility 2 | . . . 2 Weapon 4 | . . 2 2 Highest Loss Streak 5 | . . 3 5 To Critical Strikes . | . . . . Average Slot Usage (%) 75 | . 87 98 48 Engine 9 | . 14 14 1 Treads 2 | . 6 . . Hover 3 | . . . 10 Flight 15 | . 19 28 3 Device 14 | . 15 14 12 Processor 10 | . 8 14 11 Ballistic Gun 4 | . 10 . . Ballistic Cannon 3 | . 2 13 . Launcher 2 | . . . 5 Special Weapon 7 | . 7 13 4 Naked Turns . | . . . . Heaviest Build 11 | 11 11 8 5 Greatest Support 40 | 40 40 8 14 Greatest Overweight (x) 1 | . 1 . . Average Overweight (x) . | . . . . Largest Inventory Capacity 8 | 8 8 5 5 Average Capacity 7 | 7 5 5 5 Most Carried 8 | 8 8 5 4 Average Carried 6 | 7 5 4 3 Final Capacity 8 | 8 5 5 5 Final Carried 8 | 8 5 4 3 Class Distribution -------------------- 100% | Mutant Dominant Class ---------------- Mutant | -10/Materials Mutant | -10/Mines Mutant | -9/Materials Resources | -11 -10 -10 -9 ----------- Run | Yrd Mat Min Mat Matter Collected 348 | 316 . 32 . Remotely . | . . . . Salvage Created 179 | 141 38 . . Parts 12 | 11 1 . . Haulers Intercepted 1 | . 1 . . Recyclers Shooed . | . . . . Parts Field Recycled . | . . . . Retrieved Matter . | . . . . Parts Self-Destructed . | . . . . Prevented . | . . . . Kills | -11 -10 -10 -9 ------- Run | Yrd Mat Min Mat Combat Hostiles Destroyed . | . . . . Classes Destroyed 4 | 3 1 . . Worker 2 | 2 . . . Tunneler 2 | 2 . . . Hauler 1 | . 1 . . Recycler 1 | 1 . . . Best Kill Streak 2 | 2 1 . . Combat Bots Only . | . . . . Max Kills in Single Turn 1 | 1 1 . . Gunslinging . | . . . . Exploded . | . . . . Melee . | . . . . Uniques/NPCs Destroyed . | . . . . Combat | -11 -10 -10 -9 -------- Run | Yrd Mat Min Mat Hostile Shots Fired 91 | 1 1 7 82 Missed 29 | . . 1 28 Damage Taken 1029 | 17 14 288 710 Core 471 | . . 60 411 Absorbed by Shields . | . . . . Core Remaining (%) 88 | 100 . 76 . Volleys Fired 37 | 18 4 9 6 Largest 2 | 2 1 1 1 Hottest 100 | 40 100 100 100 Shots Fired 55 | 36 4 9 6 Gun 36 | 36 . . . Cannon . | . . . . Launcher 1 | . . . 1 Special 18 | . 4 9 5 Kinetic 36 | 36 . . . Thermal 18 | . 4 9 5 Explosive 1 | . . . 1 Electromagnetic . | . . . . Robot Hit Streak 4 | 4 1 . 2 Robot Miss Streak 4 | 2 4 . . Penetration Max . | . . . . Secondary Targets . | . . . . Shots Hit Robots 23 | 21 1 . 1 Core Hits 11 | 10 1 . . Critical Kills . | . . . . Critical Parts Destroyed . | . . . . Critical Strikes . | . . . . Melee Attacks . | . . . . Impact . | . . . . Slashing . | . . . . Piercing . | . . . . Sneak Attacks . | . . . . Combat Hostiles . | . . . . Follow-up Attacks . | . . . . Damage Inflicted 262 | 170 24 . 68 Guns 170 | 170 . . . Cannons . | . . . . Explosions 39 | . . . 39 Melee . | . . . . Ramming 29 | . . . 29 Kinetic 170 | 170 . . . Thermal 24 | . 24 . . Explosive 39 | . . . 39 Electromagnetic . | . . . . Impact . | . . . . Slashing . | . . . . Piercing . | . . . . Highest Corruption . | . . . . Average Corruption . | . . . . Corruption Purged . | . . . . Corruption Blocked . | . . . . Overload Shots . | . . . . Overflow Damage . | . . . . Projectiles . | . . . . Explosions . | . . . . Melee . | . . . . Knockbacks . | . . . . Impact . | . . . . Kinetic . | . . . . Secondary . | . . . . Self-Inflicted Damage 46 | . . . 46 Shots 1 | . . . 1 Rammed 4 | . . . 4 Targets Rammed 4 | . . . 4 Kicked . | . . . . Crushed . | . . . . Highest Temperature 142 | . 74 142 9 Average Temperature 41 | . 32 51 3 Received Heat Transfer 288 | . 27 . 261 Siege Activations . | . . . . Robots Corrupted . | . . . . Combat Hostiles . | . . . . Parts Fried . | . . . . Impact Corruptions . | . . . . Robots Melted . | . . . . Combat Hostiles . | . . . . Parts Melted . | . . . . Heat Transferred 50 | . 50 . . Parts Sabotaged . | . . . . Parts Stolen . | . . . . Parts Stripped . | . . . . Power Chain Reactions . | . . . . Alert | -11 -10 -10 -9 ------- Run | Yrd Mat Min Mat Peak Influence 117 | 25 92 117 109 Initial 35 | . . 35 10 Average 13 | 2 34 80 32 Maximum Alert Level . | . . . . Low Security (%) 100 | 100 100 100 100 Level 1 . | . . . . Level 2 . | . . . . Level 3 . | . . . . Level 4 . | . . . . Level 5 . | . . . . High Security . | . . . . Max Security . | . . . . Squads Dispatched 3 | . 1 . 2 Investigation . | . . . . Extermination . | . . . . Reinforcement 3 | . 1 . 2 Assault . | . . . . Garrison . | . . . . Intercept . | . . . . Searches Triggered . | . . . . Construction Impeded . | . . . . Haulers Reinforced . | . . . . Active Scanning Responses . | . . . . Cargo Convoy Interrupts . | . . . . Stealth | -11 -10 -10 -9 --------- Run | Yrd Mat Min Mat Distress Signals 2 | . . 1 1 Communications Jammed . | . . . . Distress Signals . | . . . . Times Spotted 38 | 1 4 9 24 Peak Tracking Total 14 | 1 3 4 14 Tactical Retreats 8 | . 1 3 4 Traps | -11 -10 -10 -9 ------- Run | Yrd Mat Min Mat Traps Triggered . | . . . . Indirectly . | . . . . Trap Hack Attempts . | . . . . Triggered . | . . . . Disarmed . | . . . . Reprogrammed . | . . . . Reused . | . . . . Traps Extracted . | . . . . Installed . | . . . . Triggered . | . . . . Machines | -11 -10 -10 -9 ---------- Run | Yrd Mat Min Mat Machines Disabled 1 | . . . 1 Max in Single Turn 1 | . . . 1 Machines Repaired . | . . . . Machines Dismantled . | . . . . Machines Sabotaged . | . . . . Overloaded Fab Kills . | . . . . Hacking | -11 -10 -10 -9 --------- Run | Yrd Mat Min Mat Machines Accessed 8 | . 5 . 3 Terminals 6 | . 3 . 3 Fabricators . | . . . . Repair Stations . | . . . . Recycling Units 2 | . 2 . . Scanalyzers . | . . . . Garrison Access . | . . . . Total Hacks 19 | . 10 . 9 Successful 12 | . 6 . 6 Failed 7 | . 4 . 3 Catastrophic 1 | . 1 . . Database Lockouts . | . . . . Manual 1 | . 1 . . Terminals 17 | . 8 . 9 Fabricators . | . . . . Repair Stations . | . . . . Recycling Units 2 | . 2 . . Scanalyzers . | . . . . Garrison Access . | . . . . Terminal Hacks 10 | . 4 . 6 Record 1 | . . . 1 Prototype ID Bank 2 | . . . 2 Emergency Access Points 1 | . 1 . . Unreport Threat 1 | . . . 1 Dispatch Records 1 | . . . 1 Registered Components 1 | . . . 1 Zone Layout 3 | . 3 . . Fabricator Hacks . | . . . . Repair Station Hacks . | . . . . Recycling Unit Hacks 2 | . 2 . . Report Inventory 2 | . 2 . . Scanalyzer . | . . . . Garrison Access Hacks . | . . . . Unauthorized Hacks . | . . . . Terminals . | . . . . Fabricators . | . . . . Repair Stations . | . . . . Recycling Units . | . . . . Scanalyzers . | . . . . Garrison Access . | . . . . Data Cores Recovered . | . . . . Used . | . . . . Hacking Detections 3 | . 2 . 1 Full Trace Events . | . . . . Feedback Events . | . . . . Feedback Blocked . | . . . . Robot Schematics Acquired . | . . . . Robots Built . | . . . . Authchips . | . . . . Time . | . . . . Total Robot Build Rating . | . . . . Part Schematics Acquired . | . . . . Parts Built . | . . . . Authchips . | . . . . Time . | . . . . Total Part Build Rating . | . . . . Parts Repaired . | . . . . Time . | . . . . Parts Recycled . | . . . . Recycled Matter . | . . . . Retrieved Matter . | . . . . Retrieved Components . | . . . . Parts Scanalyzed . | . . . . Part Schematics Acquired . | . . . . Parts Damaged . | . . . . Bothacking | -11 -10 -10 -9 ------------ Run | Yrd Mat Min Mat Used RIF Installer . | . . . . Robots Hacked . | . . . . Non-combat . | . . . . Combat . | . . . . Robot Hacks Applied . | . . . . Relay Couplers Released . | . . . . Fabnet Peak Effective % . | . . . . Robots Rewired . | . . . . Allies Hacked . | . . . . Hacks Repelled . | . . . . Allies | -11 -10 -10 -9 -------- Run | Yrd Mat Min Mat Total Allies 3 | . . 3 . Largest Group 3 | . . 3 . Highest-Rated Group 40 | . . 40 . Highest-Rated Ally 16 | . . 16 . Total Orders . | . . . . Ally Attacks 2 | . . 2 . Total Damage 10 | . . 10 . Kills . | . . . . Allies Corrupted . | . . . . Allies Melted . | . . . . Intel | -11 -10 -10 -9 ------- Run | Yrd Mat Min Mat Robot Analysis Total . | . . . . Derelict Logs Recovered 1 | . . 1 . Drone Launches . | . . . . Drone Recoveries . | . . . . Exploration | -11 -10 -10 -9 ------------- Run | Yrd Mat Min Mat Turns Passed 3012 | 2194 325 190 303 Spaces Moved 1746 | 440 601 326 379 Core 101 | 12 1 . 88 Treads 474 | 428 46 . . Legs . | . . . . Wheels . | . . . . Hover 250 | . . . 250 Flight 921 | . 554 326 41 Fastest Speed 37 | 50 37 37 37 Average Speed 74 | 157 47 37 54 Slowest Speed 160 | 160 160 37 60 Overloaded Moves . | . . . . Propulsion Burnouts . | . . . . Robots Hopped 4 | . 1 2 1 Cave-ins Triggered . | . . . . Exploration Rate (%) 53 | 34 91 50 39 Regions Visited 3 Branch Regions 1 Pre-discovered Areas . | . . . . Known Exits Taken 2 | . 1 1 . Unknown Exits Taken 1 | 1 . . . Scrap Searched . | . . . . Spaces Dug 15 | . 1 9 5 Terrain Destroyed 23 | . 1 9 13 Melee . | . . . . Projectile 15 | . 1 9 5 AOE 8 | . . . 8 Terrain Rammed . | . . . . Walls Destroyed . | . . . . Machines Disabled . | . . . . Actions | -11 -10 -10 -9 --------- Run | Yrd Mat Min Mat Total 3363 | 1910 632 365 456 Wait 1527 | 1435 2 31 59 Move 1736 | 439 598 322 377 Hop 3 | . 1 1 1 Pick Up 16 | 8 6 . 2 Fast Attach 15 | 7 4 . 4 Attach 6 | . 2 1 3 Detach 3 | . 3 . . Swap 6 | 3 2 1 . Drop 10 | . 10 . . Fire 37 | 18 4 9 6 Melee . | . . . . Ram 4 | . . . 4 Kick . | . . . . Crush . | . . . . Escape Stasis . | . . . . Rewire . | . . . . Trap . | . . . . Miscellaneous . | . . . . Route ------- -11/Scrapyard -10/Materials (discovered 5 exits: *Mat x3 / *Min x2) -10/Mines -9/Materials (discovered 1 exit: *Mat) History --------- Turn | Location | Event 4 | -11/Scrapyard | Discovered new exit (range 15) 2105 | -11/Scrapyard | Assembled infested the area 2195 | -11/Scrapyard | Entered Materials 2198 | -10/Materials | Build established: Mutant 2314 | -10/Materials | Discovered new exit (range 15) 2339 | -10/Materials | Identified exit to Materials 2410 | -10/Materials | Discovered exit to Materials (range 12) 2459 | -10/Materials | Discovered new exit (range 14) 2463 | -10/Materials | Identified exit to Mines 2471 | -10/Materials | Discovered exit to Materials (range 13) 2491 | -10/Materials | Discovered exit to Mines (range 17) 2520 | -10/Materials | Entered Mines 2524 | -10/Mines | Learned Materials stockpile data 2526 | -10/Mines | Assembled infested the area 2654 | -10/Mines | Discovered exit to Materials (range 3) 2656 | -10/Mines | Assisted by bots powering up and referring to "LRC-V3" 2710 | -10/Mines | Entered Materials 2710 | -9/Materials | Evolved 2 slots: Utility x2 2740 | -9/Materials | Lost 3 parts (1p2w) 2740 | -9/Materials | Lost 3 allies 2793 | -9/Materials | Lost 5 parts (1p3n1u) 2830 | -9/Materials | Discovered new exit (range 15) 2841 | -9/Materials | Identified exit to Materials 2978 | -9/Materials | Core integrity fell below 50% 3009 | -9/Materials | Core integrity fell below 20% 3013 | -9/Materials | Destroyed by Y-45 Defender with Beam Rifle Last Messages --------------- Purged threat record, alert level lowered. 02957_ Mining Laser destroyed. 02972_ Slammed into K-01 Serf. 02972_ K-01 Serf sends out distress signal. 02974_ Grenade Launcher destroyed. 02978_ Structural Scanner destroyed. 02978_ Imp. Hover Unit destroyed. 02981_ K-01 Serf collects debris. 02981_ Y-45 Defender destroyed. 02982_ O-16 Technician uses terminal to summon reinforcements. 02982_ ALERT: Hostiles spotted, dispatching reinforcements to Terminal M001. 02982_ O-16 Technician locks terminal. 02983_ Critical hit (Burn: +37). 02984_ K-01 Serf collects debris. 03002_ Imp. Hover Unit destroyed. 03008_ Slammed into G-34 Mercenary. 03008_ R-06 Scavenger collects Heat Sink. 03009_ K-01 Serf collects debris. Map ----- +----------------------------------------------------+ | # #### """" ##??## ##??????????? | | # #### """" ##??## ##??????????? | | # #### ##??## ##??????????? | | # #### ##??## ^##??????????? | | #### ##?### ###?????????? | | ########+########## ###?????????? | | ####### ##?????????? | | ### ###### ##?????????? | | ### ###### ##?????????? | | ?## ##??## ##?????????? | | ?## ##??## ####### ############ | | ?## ##??############################### | | ?## ##??#########???####### # | | ?## ##?????##########????## """ """ # | | ### #####?################# """ """ # | | ### ######## ######## """ """ # | | ## ##### # # | | Y g # """ """ # | | % g g/ """ """ # | | s# """ """ # | | # ##### # # | | ########### ###t # """ """ # | | ########?#####+###### # """ """ # | | ??????????### T # # """ """ # | | ????????????# ???? # # # | | ????????????# ???? # @############# | | ????????????# ????? # # ##### | | ????????????# ????? + # ??????????? | | ????????????# "????? # # ??????????? | | ????????????? "????? # # ??????????? | | ????????????? ?????? # # ??????????? | | ???????????????????? # ##??????????? | | ????????????????????## ??????????? | | ????????????????????## ???????????? | | ????????????????????## ???????????? | | ????????????????????## ???????????? | | ????????????????????# ???????????? | | ????????????????????? ???????????? | | ????????????????????# ???????????? | | ????????????????????## ## ???????????? | | ????????????????????## ## ???????????? | | ??????????????????????????????????????? | | ??????????????????????????????????????? | | ??????????????????????????????????????? | | ??????????????????????????????????????? | | ??????????????????????????????????????? | | ??????????????????????????????????????? | | ??????????????????????????????????????? | | ??????????????????????????????????????? | | ??????????????????????????????????????? | +----------------------------------------------------+ Best States ------------- Heat Dissipation 28 Energy Generation 10 Energy Capacity 125 Matter Stores 300 Matter Capacity 300 Sight Range 16 Terrain Scan Range 16 Terrain Scan Density 10 Evasion (%) 62 Recoil Reduction 2 Item Schematics ----------------- None Robot Schematics ------------------ None Fabricated ------------ Nothing Alien Tech Used ----------------- None Achievements -------------- I Survived The Infestation Let's See Who's Tougher Challenges ------------ None Game ------ Seed GravityHardcellRouter Manual? 0 Play Time 00:40:33 Cumulative 16.6 hours Start 2024.04.20 @ 19:53:42 End 2024.04.20 @ 20:34:49 Sessions 1 Manual Loads 0 Difficulty Rogue Special Mode None Game No. 18 Rogue 18 Adventurer 0 Explorer 0 Win Type - Total 0 Types 0/0/0/0/0/0/0/0/0 Lore% 6 Gallery% 10 Achievement% 11 Wizard Run 0 Options --------- Layout 2 ASCII 1 Keyboard 1 Movement Vi Keybinds 0 Fullscreen 0 Font 36/Smallcaps Map View 50x44 Zoom Use 0% Tactical HUD 1 Map Filters NONE Filters NONE Steam 0 RUN: 92e4dfd4-99d0-401c-856a-9d2aa1582080